 Dungeon Crawl Stone Soup version 0.29-a0-397-g846e4a0bbc (webtiles) character file.

Game seed: 12694347220693666930

585 dolemite99 the Cleaver (level 7, -15/57 HPs)
             Began as a Hill Orc Fighter on May 12, 2022.
             Was an Initiate of Ashenzari.
             Demolished by a tentacled starspawn (27 damage)
             ... on level 1 of the Abyss.
             The game lasted 00:05:20 (5214 turns).

dolemite99 the Cleaver (Hill Orc Fighter)           Turns: 5214, Time: 00:05:21

Health: -15/57     AC: 21    Str: 27    XL:     7   Next: 37%
Magic:  7/7        EV:  6    Int:  8    God:    Ashenzari [......]
Gold:   199        SH:  4    Dex: 10    Spells: 6/6 levels left

rFire   . . .      SeeInvis .   a - +2 war axe (protect)
rCold   . . .      Faith    .   d - +0 buckler
rNeg    . . .      Spirit   .   i - +0 plate armour
rPois   .          Reflect  .   t - +2 hat
rElec   .          Harm     .   (no cloak)
rCorr   .          Rampage  .   (no gloves)
Will    .....                   o - +0 pair of boots "Bound Foul Odours" {Evo, Cun} (curse)
Stlth   ..........              (no amulet)
HPRegen 0.19/turn               c - +6 ring of strength {=R}
MPRegen 0.10/turn               (no ring)

@: under a protective aura
A: no striking features
a: Renounce Religion, Shatter the Chains


You were on level 1 of the Abyss.
You worshipped Ashenzari.
Ashenzari was noncommittal.
You visited 1 branch of the dungeon, and saw 6 of its levels.
You visited the Abyss 1 time.

You collected 199 gold pieces.

Inventory:

Hand Weapons
 a - a +2 war axe of protection (weapon)
 k - a +0 antimagic hand axe
 q - a +0 morningstar
 u - a +1 vampiric hand axe
 y - a +1 flail of holy wrath
Missiles
 f - 2 boomerangs (quivered)
 v - 2 poisoned darts
 z - 2 atropa-tipped darts
Armour
 d - a +0 buckler (worn)
 e - a +0 chain mail
 i - a +0 plate armour (worn)
 o - the cursed +0 pair of boots "Bound Foul Odours" (worn) {Evo, Cun}
   (You found it on level 2 of the Dungeon)

   It has a curse which improves the following skills: Evocations: Evocations.
   Cunning:   Dodging and Stealth.
 t - a +2 hat (worn)
 A - a +0 helmet
Jewellery
 c - a +6 ring of strength (left hand) {=R}
 g - a ring of wizardry
Wands
 s - a wand of iceblast (12)
Scrolls
 m - 2 scrolls of fog
 r - a scroll of magic mapping
 x - a scroll of teleportation
 B - 3 scrolls of blinking {unknown}
Potions
 b - 2 potions of lignification {unknown}
 h - a potion of brilliance {unknown}
 j - 4 potions of heal wounds
 l - 3 potions of curing
 n - 5 potions of flight {unknown}
 p - 2 potions of attraction {unknown}
 w - a potion of invisibility {unknown}


   Skills:
 - Level 3.6 Fighting
 + Level 10.4 Axes
 - Level 3.3 Armour
 - Level 3.3 Shields


You had 6 spell levels left.
You didn't know any spells.
Your spell library was empty.

Dungeon Overview and Level Annotations

Branches:
Dungeon (6/15)
 Temple: D:4-7

Altars:
Ashenzari
Elyvilon

Shops:
D:2 (   D:3 =


Message History

2 starspawn tentacles come into view.
A tentacled starspawn is nearby!
You slash the tentacled starspawn!
Your weapon exudes an aura of protection.
The tentacled starspawn is lightly damaged.
The tentacled starspawn bites you but does no damage.
The tentacled starspawn barely misses you.
You slash the tentacled starspawn!
The tentacled starspawn is moderately damaged.
The tentacled starspawn bites you!!
The tentacled starspawn tentacle-slaps you but does no damage.
You hit the tentacled starspawn.
The tentacled starspawn is moderately damaged.
The tentacled starspawn bites you!
The tentacled starspawn barely misses you.
You slash the tentacled starspawn!
The tentacled starspawn is heavily damaged.
A tentacle flies out from the starspawn's body!
A starspawn tentacle comes into view.
You slash the tentacled starspawn!
The tentacled starspawn is heavily damaged.
You hit the starspawn tentacle but do no damage.
The tentacled starspawn barely misses you.
The tentacled starspawn tentacle-slaps you but does no damage.
The starspawn tentacle grabs you. The starspawn tentacle constricts you.
You slash the tentacled starspawn!
The starspawn tentacle loses its grip on you.
The tentacled starspawn is severely damaged.
You slash the starspawn tentacle!
The tentacled starspawn bites you but does no damage.
The tentacled starspawn tentacle-slaps you!
* * * LOW HITPOINT WARNING * * *
The starspawn tentacle grabs you. The starspawn tentacle constricts you.
* * * LOW HITPOINT WARNING * * *
You slash the tentacled starspawn!
The starspawn tentacle loses its grip on you.
The tentacled starspawn is almost destroyed.
You hit the starspawn tentacle but do no damage.
The tentacled starspawn bites you!!
You die...

## . . .
.# ##
######Xw
...
#@#..w# .
#wX##
#.##..
#####...
.# # .
..####...
. . ## #
## .... #
... #.# .#
# #
#...#...#
#
...#####..
# .....#


You could see a tentacled starspawn and a starspawn tentacle.

Vanquished Creatures
  A black bear (D:2)
  2 scorpions
  A necrophage (D:5)
  2 hounds
  A gnoll shaman (D:5)
  Ijyb (D:3)
  7 adders
  3 gnolls (D:5)
  3 worms
  2 dart slugs
  14 orcs
  3 bats
  7 endoplasms
  3 giant cockroaches
  6 goblins
  3 hobgoblins
  4 quokkas
  6 ball pythons
  A frilled lizard (D:1)
  6 kobolds
  12 rats
88 creatures vanquished.

Vanquished Creatures (others)
  4 starspawn tentacles (Abyss:1)
4 creatures vanquished.

Grand Total: 92 creatures vanquished

Notes
Turn   | Place    | Note
-------+----------+-------------------------------------------
     0 | D:1      | dolemite99 the Hill Orc Fighter began the quest for the
                  | Orb.
     0 | D:1      | Reached XP level 1. HP: 19/19 MP: 1/1
   203 | D:1      | Reached skill level 3 in Axes
   315 | D:1      | Reached XP level 2. HP: 25/26 MP: 2/2
   369 | D:1      | Reached skill level 4 in Axes
   551 | D:1      | Found a faded altar of an unknown god.
   636 | D:1      | Prayed at the altar of an unknown god.
   636 | D:1      | Became a worshipper of Elyvilon the Healer
   636 | D:1      | Reached * piety under Elyvilon
   875 | D:1      | Reached XP level 3. HP: 31/31 MP: 3/3
  1061 | D:2      | Reached skill level 5 in Axes
  1061 | D:2      | Reached XP level 4. HP: 39/39 MP: 4/4
  1136 | D:2      | Found Ceckixu's Antique Weapon Boutique.
  1618 | D:2      | Noticed a black bear
  1629 | D:2      | Reached skill level 6 in Axes
  1631 | D:2      | Killed a black bear
  1632 | D:2      | Reached skill level 7 in Axes
  1632 | D:2      | Reached XP level 5. HP: 15/45 MP: 5/5
  2017 | D:2      | Reached ** piety under Elyvilon
  2165 | D:3      | Found Dowu's Jewellery Emporium.
  2398 | D:3      | Noticed Ijyb
  2410 | D:3      | Killed Ijyb
  2411 | D:3      | Reached skill level 8 in Axes
  2411 | D:3      | Reached XP level 6. HP: 40/51 MP: 6/6
  3358 | D:4      | Reached *** piety under Elyvilon
  3919 | D:4      | Found a broken altar of Ashenzari.
  3939 | D:4      | Fell from the grace of Elyvilon
  3939 | D:4      | Became a worshipper of Ashenzari the Shackled
  4058 | D:5      | Entered Level 5 of the Dungeon
  4110 | D:5      | Reached skill level 9 in Axes
  4210 | D:5      | You fall into a shaft and drop 1 floor!
  4232 | D:5      | Reached XP level 7. HP: 33/57 MP: 7/7
  4799 | D:5      | Reached skill level 10 in Axes
  5160 | D:5      | Cast into level 1 of the Abyss (orc wizard)
  5193 | Abyss:1  | Noticed a tentacled starspawn
  5214 | Abyss:1  | Demolished by a tentacled starspawn

Illustrated notes

Levels and vault maps discovered:
D:1:      scummos_arrival_gate, layout_loops_ring, basic_ecumenical_altar
D:2:      layout_rooms, serial_shops, nicolae_shop_waterfront
D:3:      layout_basic, serial_shops, shop,
          nicolae_concentric_dashed_squares_wild, uniq_ijyb
D:4:      nicolae_cairo_tiling, layout_basic, evilmike_ruin_ashenzari
D:5:      kennysheep_spiral_hall, layout_basic, chequers_serial_rivers_micro_c
D:6:      layout_rooms, temple_statues, gup_sewer_entry_spiral, st_stairs_13
Abyss:1:  base: D:5, hangedman_decor_lopped

Skill      XL: |  1  2  3  4  5  6  7 |
---------------+----------------------+-----
Axes           | 3 4 5 7 8 9 10 | 10.4
Fighting       | |  3.6
Armour         | |  3.3
Shields        | |  3.3

Action                   |  1- 3 |  4- 6 |  7- 9 || total
-------------------------+-------+-------+-------++-------
Melee: War axe           |    61 |   125 |    42 ||   228
Throw: Dart              |     2 |    25 |     2 ||    29
       Boomerang         |       |       |    18 ||    18
Invok: Curse Item        |       |       |     1 ||     1
  Use: Potion            |       |     1 |       ||     1
       Scroll            |       |     1 |    10 ||    11
Armor: Chain mail        |    30 |       |       ||    30
       Plate armour      |     9 |    84 |    30 ||   123
Dodge: Dodged            |    22 |    32 |    13 ||    67
Block: Buckler           |    17 |    34 |     4 ||    55

Table legend: (Time is in decaauts)
 A = Elapsed time spent in this place.
 B = Non-inter-level travel time spent in this place.
 C = Inter-level travel time spent in this place.
 D = Time resting spent in this place.
 E = Time spent auto-exploring this place.
 F = Levels seen in this place.
 G = Mean time per level.
                   A        B        C        D        E       F      G
               +--------+--------+--------+--------+--------+-----+--------+
         Total |   5264 |   5086 |    178 |   1154 |   2898 |   7 |  752.0 |
       Dungeon |   5210 |   5032 |    178 |   1151 |   2898 |   6 |  868.3 |
         Abyss |     53 |     53 |      0 |      3 |      0 |   1 |   53.0 |
               +--------+--------+--------+--------+--------+-----+--------+

Top non-repeatable levels by time:
     D:2: 1118 daAuts
     D:5: 1084 daAuts
     D:1: 1077 daAuts
     D:3: 1017 daAuts
     D:4: 901 daAuts
 Abyss:1: 53 daAuts
     D:6: 10 daAuts
